PR
LADUE RAMS @ TWINSBURG TIGERS
06/10/2042
 
TOP OF THE 1ST
Ladue Rams batting - Pitching for Twinsburg Tigers : RHP Vicente Zanga
Pitching: RHP Vicente Zanga
Batting: RHB Nick Davis 0-0: Called Strike
0-1: Ball
1-1: SINGLE (Line Drive, 9, EV 88.8 MPH)
Batting: RHB Gin-fan Chong 0-0: Ball
1-0: Ball
2-0: Called Strike
2-1: Ball
3-1: DOUBLE (Line Drive, 78D, EV 98.8 MPH)
Nick Davis to third
Batting: SHB Da-xia Hui 0-0: Ball
1-0: Called Strike
1-1: Foul Ball, location: 2F
1-2: Ball
2-2: Foul Ball, location: 2F
2-2: Ball
3-2: Foul Ball, location: 2F
3-2: Base on Balls
Batting: LHB Ruff McGruffin 0-0: Foul Ball, location: 2F
0-1: Ball
1-1: Fly out, F7 (Line Drive, 7LM, EV 88.8 MPH)
Runner from 3rd tags up, OUT at HOME! 7-2
Gin-fan Chong to third
Da-xia Hui to second
Now in LF: Je-ju Sol
Batting: RHB Drew Rose 0-0: Ball
Wild Pitch!
Gin-fan Chong scores
Da-xia Hui to third
1-0: Swinging Strike
1-1: Swinging Strike
Passed Ball!
Da-xia Hui scores
1-2: Strikes out looking
Top of the 1st over - 2 runs, 2 hits, 0 errors, 0 left on base; Ladue 2 - Twinsburg 0
BOTTOM OF THE 1ST
Twinsburg Tigers batting - Pitching for Ladue Rams : RHP Tim Chuter
Pitching: RHP Tim Chuter
Batting: RHB Je-ju Sol 0-0: Called Strike
0-1: Called Strike
0-2: Ground out 6-3 (Groundball, 6, EV 84.4 MPH)
Batting: RHB Roland Thomas 0-0: DOUBLE (Line Drive, 78D, EV 105.6 MPH)
Batting: LHB Ray Winters 0-0: Ball
1-0: Foul Ball, location: 2F
1-1: Ball
2-1: Fly out, F8 (Flyball, 8RD, EV 98.1 MPH)
Batting: LHB Ole Geenen 0-0: Called Strike
0-1: Ball
1-1: Foul Ball, location: 2F
1-2: Ball
2-2: Ground out 4-3 (Groundball, 4, EV 90.6 MPH)
Bottom of the 1st over - 0 runs, 1 hit, 0 errors, 1 left on base; Ladue 2 - Twinsburg 0
TOP OF THE 2ND
Ladue Rams batting - Pitching for Twinsburg Tigers : RHP Vicente Zanga
Batting: RHB César Hinojosa 0-0: Ball
1-0: Foul Ball, location: 2F
1-1: Ground out 4-3 (Groundball, 4, EV 87.5 MPH)
Batting: RHB Ricardo Vásquez 0-0: Ball
1-0: Swinging Strike
1-1: Ground out 6-3 (Groundball, 6, EV 91.9 MPH)
Batting: LHB Jermaine Tuttle 0-0: SINGLE (Groundball, 34D, EV 110.0 MPH)
Batting: LHB Guillermo Valverde 0-0: Called Strike
0-1: Called Strike
Jermaine Tuttle steals 2nd base
0-2: Ball
1-2: Fly out, F8 (Flyball, 8LD, EV 107.5 MPH)
Top of the 2nd over - 0 runs, 1 hit, 0 errors, 1 left on base; Ladue 2 - Twinsburg 0
BOTTOM OF THE 2ND
Twinsburg Tigers batting - Pitching for Ladue Rams : RHP Tim Chuter
Batting: RHB Aaron Carter 0-0: Ground out 4-3 (Groundball, 4, EV 86.2 MPH)
Batting: LHB Keith Garner 0-0: Foul Ball, location: 2F
0-1: Ball
1-1: Foul Ball, location: 2F
1-2: Ball
2-2: Strikes out swinging
Batting: RHB Ernie Lewis 0-0: Called Strike
0-1: Ball
1-1: Ground out 6-3 (Groundball, 6, EV 105.6 MPH)
Bottom of the 2nd over - 0 runs, 0 hits, 0 errors, 0 left on base; Ladue 2 - Twinsburg 0
TOP OF THE 3RD
Ladue Rams batting - Pitching for Twinsburg Tigers : RHP Vicente Zanga
Batting: RHB Nick Davis 0-0: Foul Ball, location: 2F
0-1: Foul Ball, location: 2F
0-2: Ball
1-2: Fly out, F9 (Flyball, 9S, EV 78.1 MPH)
Batting: RHB Gin-fan Chong 0-0: Ball
1-0: Foul Ball, location: 2F
1-1: Ball
2-1: Ground out 6-3 (Groundball, 6, EV 106.2 MPH)
Batting: SHB Da-xia Hui 0-0: SINGLE (Groundball, 3D, EV 109.4 MPH)
Batting: LHB Ruff McGruffin 0-0: Called Strike
0-1: Ball
1-1: Ball
2-1: Foul Ball, location: 2F
2-2: Strikes out swinging
Top of the 3rd over - 0 runs, 1 hit, 0 errors, 1 left on base; Ladue 2 - Twinsburg 0
BOTTOM OF THE 3RD
Twinsburg Tigers batting - Pitching for Ladue Rams : RHP Tim Chuter
Batting: RHB Claude Harper 0-0: Ground out 4-3 (Groundball, 34, EV 80.6 MPH)
Batting: RHB Tim Davis 0-0: Ball
1-0: Called Strike
1-1: Ball
2-1: Ground out U3 (Groundball, 34, EV 86.9 MPH)
Batting: RHB Je-ju Sol 0-0: Fly out, F8 (Flyball, 8RM, EV 85.0 MPH)
Bottom of the 3rd over - 0 runs, 0 hits, 0 errors, 0 left on base; Ladue 2 - Twinsburg 0
TOP OF THE 4TH
Ladue Rams batting - Pitching for Twinsburg Tigers : RHP Vicente Zanga
Batting: RHB Drew Rose 0-0: Called Strike
0-1: Fly out, F7 (Line Drive, 7, EV 93.8 MPH)
Batting: RHB César Hinojosa 0-0: Ball
1-0: Called Strike
1-1: Ball
2-1: Fly out, F7 (Flyball, 7S, EV 82.5 MPH)
Pitching: RHP Ming-hoa Ngui
Batting: RHB Ricardo Vásquez 0-0: Called Strike
0-1: Ball
1-1: Ball
2-1: SINGLE (Groundball, 6MD, EV 101.9 MPH)
Batting: LHB Jermaine Tuttle 0-0: Called Strike
Ricardo Vásquez steals 2nd, throwing error, E2
Ricardo Vásquez to third
0-1: Ground out 4-3 (Groundball, 4, EV 101.2 MPH)
Top of the 4th over - 0 runs, 1 hit, 1 error, 1 left on base; Ladue 2 - Twinsburg 0
BOTTOM OF THE 4TH
Twinsburg Tigers batting - Pitching for Ladue Rams : RHP Tim Chuter
Batting: RHB Roland Thomas 0-0: Called Strike
0-1: Ball
1-1: Called Strike
1-2: Foul Ball, location: 2F
1-2: DOUBLE (Line Drive, 78D, EV 111.9 MPH)
Batting: LHB Ray Winters 0-0: Ball
1-0: Ground out 4-3 (Groundball, 4, EV 83.1 MPH)
Roland Thomas to third
Batting: LHB Ole Geenen 0-0: Foul Ball, location: 2F
0-1: Ball
1-1: Ball
2-1: Foul Ball, location: 2F
2-2: Ball
3-2: Foul Ball, location: 2F
3-2: Foul Ball, location: 2F
3-2: SINGLE (Line Drive, 56D, EV 95.6 MPH)
Roland Thomas scores
Batting: RHB Aaron Carter 0-0: Swinging Strike
0-1: Ball
1-1: Fly out, F8 (Flyball, 89D, EV 99.4 MPH)
Batting: LHB Keith Garner 0-0: Foul Ball, location: 2F
0-1: Ball
1-1: Ground out 1-3 (Groundball, P, EV 86.9 MPH)
Bottom of the 4th over - 1 run, 2 hits, 0 errors, 1 left on base; Ladue 2 - Twinsburg 1
TOP OF THE 5TH
Ladue Rams batting - Pitching for Twinsburg Tigers : RHP Ming-hoa Ngui
Batting: LHB Guillermo Valverde 0-0: Called Strike
0-1: SINGLE (Line Drive, 56D, EV 95.0 MPH)
Batting: RHB Nick Davis 0-0: Ball
1-0: Sac Bunt to 15S - play at first, batter OUT! 1-4
Guillermo Valverde to second
Batting: RHB Gin-fan Chong 0-0: Ball
1-0: Called Strike
1-1: Swinging Strike
1-2: Foul Ball, location: 2F
1-2: Ball
2-2: Foul Ball, location: 2F
2-2: Foul Ball, location: 2F
2-2: SINGLE (Flyball, 89S, EV 96.9 MPH)
Guillermo Valverde to third
Batting: SHB Da-xia Hui 0-0: Ball
1-0: Called Strike
Gin-fan Chong steals 2nd base
1-1: Foul Ball, location: 2F
1-2: Ball
2-2: Foul Ball, location: 2F
2-2: Ball
3-2: SINGLE (Groundball, 23, EV 61.2 MPH) (infield hit)
Batting: LHB Ruff McGruffin 0-0: Called Strike
0-1: SINGLE (Line Drive, 8RS, EV 96.9 MPH)
Guillermo Valverde scores
Gin-fan Chong to third
Da-xia Hui to second
Runner from 3rd tries for Home, SAFE, no throw by CF
Batting: RHB Drew Rose 0-0: Called Strike
0-1: Ball
1-1: Foul Ball, location: 2F
1-2: Ball
2-2: Ball
3-2: Base on Balls
Da-xia Hui to third
Ruff McGruffin to second
Batting: RHB César Hinojosa 0-0: Ball
1-0: Swinging Strike
1-1: Swinging Strike
1-2: Ball
2-2: Strikes out swinging
Batting: RHB Ricardo Vásquez 0-0: Ball
1-0: Ball
2-0: Foul Ball, location: 2F
2-1: Ball
3-1: Foul Ball, location: 2F
3-2: Base on Balls
Da-xia Hui scores
Ruff McGruffin to third
Drew Rose to second
Batting: LHB Jermaine Tuttle 0-0: SINGLE (Groundball, 6MD, EV 100.6 MPH)
Ruff McGruffin scores
Drew Rose to third
Ricardo Vásquez to second
Runner from 3rd tries for Home, SAFE, no throw by CF
Batting: LHB Guillermo Valverde 0-0: SINGLE (Line Drive, 7S, EV 90.6 MPH)
Ricardo Vásquez to third
Jermaine Tuttle to second
Runner from 3rd tries for Home, SAFE, no throw by LF
Batting: RHB Nick Davis 0-0: Called Strike
0-1: Ball
1-1: Called Strike
1-2: SINGLE (Groundball, 6MD, EV 105.0 MPH)
Jermaine Tuttle to third
Guillermo Valverde to second
Runner from 3rd tries for Home, SAFE, no throw by CF
Batting: RHB Gin-fan Chong 0-0: Foul Ball, location: 2F
0-1: Ball
1-1: 3-RUN HOME RUN (Flyball, 7LD, EV 93.8 MPH), Distance : 354 ft
Pitching: RHP Henry McLaughlin
Batting: SHB Da-xia Hui 0-0: Called Strike
0-1: Swinging Strike
0-2: Foul Ball, location: 2F
0-2: Ball
1-2: Foul Ball, location: 2F
1-2: Ball
2-2: Ground out 4-3 (Groundball, 4, EV 103.8 MPH)
Top of the 5th over - 10 runs, 8 hits, 0 errors, 0 left on base; Ladue 12 - Twinsburg 1
BOTTOM OF THE 5TH
Twinsburg Tigers batting - Pitching for Ladue Rams : RHP Tim Chuter
Batting: RHB Ernie Lewis 0-0: Ball
1-0: Called Strike
1-1: Foul Ball, location: 2F
1-2: Ball
2-2: SINGLE (Flyball, 8RS, EV 93.1 MPH)
Batting: RHB Claude Harper 0-0: Ball
1-0: Foul Ball, location: 2F
1-1: Ball
2-1: Swinging Strike
2-2: Foul Ball, location: 2F
2-2: Fielders Choice at 2nd, 5-4 (Groundball, 56S, EV 85.6 MPH)
Batting: RHB Tim Davis 0-0: Called Strike
0-1: Foul Ball, location: 2F
0-2: Strikes out swinging
Batting: RHB Je-ju Sol 0-0: Fly out, F8 (Flyball, 8RXD, EV 102.5 MPH)
Bottom of the 5th over - 0 runs, 1 hit, 0 errors, 1 left on base; Ladue 12 - Twinsburg 1
TOP OF THE 6TH
Ladue Rams batting - Pitching for Twinsburg Tigers : RHP Henry McLaughlin
Batting: LHB Ruff McGruffin 0-0: Called Strike
0-1: Swinging Strike
0-2: Ball
1-2: Strikes out swinging
Batting: RHB Drew Rose 0-0: Ball
1-0: Called Strike
1-1: Ground out 5-3 (Groundball, 5, EV 84.4 MPH)
Batting: RHB César Hinojosa 0-0: Ground out 6-3 (Groundball, 6, EV 99.4 MPH)
Top of the 6th over - 0 runs, 0 hits, 0 errors, 0 left on base; Ladue 12 - Twinsburg 1
BOTTOM OF THE 6TH
Twinsburg Tigers batting - Pitching for Ladue Rams : RHP Tim Chuter
Batting: RHB Roland Thomas 0-0: Ball
1-0: Foul Ball, location: 2F
1-1: Swinging Strike
1-2: Foul Ball, location: 2F
1-2: Ball
2-2: Foul Ball, location: 2F
2-2: Ball
3-2: Foul Ball, location: 2F
3-2: Base on Balls
Batting: LHB Ray Winters 0-0: Ball
1-0: Ball
2-0: Swinging Strike
2-1: Called Strike
2-2: Foul Ball, location: 2F
2-2: Foul Ball, location: 2F
2-2: SINGLE (Groundball, 6MD, EV 96.9 MPH)
Roland Thomas to second
Batting: LHB Ole Geenen 0-0: 3-RUN HOME RUN (Line Drive, 9LD, EV 105.0 MPH), Distance : 334 ft
Batting: RHB Aaron Carter 0-0: Swinging Strike
0-1: Fly out, F9 (Flyball, 89M, EV 95.0 MPH)
Batting: LHB Keith Garner 0-0: Ball
1-0: Fly out, F8 (Flyball, 8LS, EV 89.4 MPH)
Batting: RHB Ernie Lewis 0-0: Ball
1-0: Ball
2-0: Ball
3-0: Called Strike
3-1: Called Strike
3-2: Strikes out swinging
Bottom of the 6th over - 3 runs, 2 hits, 0 errors, 0 left on base; Ladue 12 - Twinsburg 4
TOP OF THE 7TH
Ladue Rams batting - Pitching for Twinsburg Tigers : RHP Henry McLaughlin
Batting: RHB Ricardo Vásquez 0-0: SINGLE (Groundball, 4MD, EV 111.2 MPH)
Batting: LHB Jermaine Tuttle 0-0: Ball
1-0: Ball
2-0: Reached on error, E8 (Flyball, 8RXD, EV 106.2 MPH)
Ricardo Vásquez to third
Batting: LHB Guillermo Valverde 0-0: Ball
1-0: Called Strike
1-1: Foul Ball, location: 2F
1-2: Ground out 1-3 (Groundball, 34S, EV 78.8 MPH)
Batting: RHB Nick Davis 0-0: Ball
1-0: Ball
Balk!
Ricardo Vásquez scores
Jermaine Tuttle to third
2-0: Foul Ball, location: 2F
2-1: Called Strike
2-2: Ball
3-2: SINGLE (Groundball, 4MS, EV 82.5 MPH) (infield hit)
Jermaine Tuttle scores
Batting: RHB Gin-fan Chong 0-0: Ball
1-0: Fly out, F9 (Line Drive, 9, EV 91.2 MPH)
Batting: SHB Da-xia Hui 0-0: Ball
1-0: Swinging Strike
1-1: Foul Ball, location: 2F
1-2: Foul Ball, location: 2F
1-2: Ball
2-2: Fly out, F9 (Flyball, 8RS, EV 84.4 MPH)
Top of the 7th over - 2 runs, 2 hits, 1 error, 1 left on base; Ladue 14 - Twinsburg 4
BOTTOM OF THE 7TH
Twinsburg Tigers batting - Pitching for Ladue Rams : RHP Tim Chuter
Batting: RHB Claude Harper 0-0: Ball
1-0: SINGLE (Groundball, 56D, EV 103.8 MPH)
Batting: RHB Tim Davis 0-0: Foul Ball, location: 2F
0-1: Called Strike
0-2: Strikes out swinging
Batting: RHB Je-ju Sol 0-0: Called Strike
0-1: Foul Ball, location: 2F
0-2: Ball
1-2: Strikes out looking
Batting: RHB Roland Thomas 0-0: Ball
1-0: Called Strike
1-1: Swinging Strike
1-2: Foul Ball, location: 2F
1-2: Reached on error, E4 (Groundball, 4, EV 77.5 MPH)
Claude Harper to second
Batting: LHB Ray Winters 0-0: Ball
1-0: Swinging Strike
1-1: Ball
2-1: Fly out, F6 (Flyball, 5D, EV 87.5 MPH)
Bottom of the 7th over - 0 runs, 1 hit, 1 error, 2 left on base; Ladue 14 - Twinsburg 4
TOP OF THE 8TH
Ladue Rams batting - Pitching for Twinsburg Tigers : RHP Henry McLaughlin
Pitching: LHP Rommel Fflunker
Batting: LHB Ruff McGruffin 0-0: Called Strike
0-1: DOUBLE (Groundball, 3L, EV 97.5 MPH)
Batting: RHB Drew Rose 0-0: Ball
1-0: Called Strike
1-1: Foul Ball, location: 2F
1-2: Foul Ball, location: 2F
1-2: Ball
2-2: Strikes out swinging
Batting: RHB César Hinojosa 0-0: Called Strike
0-1: SINGLE (Line Drive, 4D, EV 104.4 MPH)
Ruff McGruffin to third
Batting: RHB Ricardo Vásquez 0-0: Ball
1-0: Called Strike
1-1: Fly out, F7 (Flyball, 7, EV 89.4 MPH)
Runner from 3rd tags up, SCORES, throw by LF
Batting: LHB Jermaine Tuttle 0-0: Fly out, F7 (Flyball, 7S, EV 90.6 MPH)
Top of the 8th over - 1 run, 2 hits, 0 errors, 1 left on base; Ladue 15 - Twinsburg 4
BOTTOM OF THE 8TH
Twinsburg Tigers batting - Pitching for Ladue Rams : RHP Tim Chuter
Pitching: RHP Bayani Samelo
Batting: LHB Ole Geenen 0-0: DOUBLE (Groundball, 3L, EV 93.8 MPH)
Batting: RHB Aaron Carter 0-0: Called Strike
0-1: Swinging Strike
0-2: Foul Ball, location: 2F
0-2: Ball
1-2: Ball
2-2: Strikes out swinging
Batting: LHB Keith Garner 0-0: Foul Ball, location: 2F
0-1: Foul Ball, location: 2F
0-2: Strikes out looking
Batting: RHB Ernie Lewis 0-0: Ball
1-0: Foul Ball, location: 2F
1-1: SINGLE (Groundball, 15S, EV 72.5 MPH) (infield hit)
Ole Geenen to third
Batting: RHB Claude Harper 0-0: Ball
1-0: Swinging Strike
1-1: Fly out, F5 (Popup, 56, EV 69.4 MPH)
Bottom of the 8th over - 0 runs, 2 hits, 0 errors, 2 left on base; Ladue 15 - Twinsburg 4
TOP OF THE 9TH
Ladue Rams batting - Pitching for Twinsburg Tigers : LHP Rommel Fflunker
Batting: LHB Guillermo Valverde 0-0: Ball
1-0: Ball
2-0: Ball
3-0: Called Strike
3-1: Base on Balls
Batting: RHB Nick Davis 0-0: Foul Ball, location: 2F
0-1: Ball
1-1: Ball
2-1: Ball
3-1: Swinging Strike
3-2: Fly out, F9 (Flyball, 9LS, EV 83.8 MPH)
Batting: RHB Gin-fan Chong 0-0: Called Strike
0-1: Foul Ball, location: 2F
0-2: Strikes out swinging
Batting: SHB Da-xia Hui 0-0: Fielders Choice at 2nd, 6-4 (Groundball, 6, EV 86.2 MPH)
Top of the 9th over - 0 runs, 0 hits, 0 errors, 1 left on base; Ladue 15 - Twinsburg 4
BOTTOM OF THE 9TH
Twinsburg Tigers batting - Pitching for Ladue Rams : RHP Bayani Samelo
Batting: RHB Tim Davis 0-0: Ground out 6-3 (Groundball, 6, EV 108.1 MPH)
Batting: RHB Je-ju Sol 0-0: Called Strike
0-1: Foul Ball, location: 2F
0-2: Foul Ball, location: 2F
0-2: Strikes out swinging
Batting: RHB Roland Thomas 0-0: Ball
1-0: Fly out, F5 (Popup, 25F, EV 88.1 MPH)
Bottom of the 9th over - 0 runs, 0 hits, 0 errors, 0 left on base; Ladue 15 - Twinsburg 4
Friday, March 26th, 2021 - OOTP Baseball 20.8 Build 74